 Dungeon Crawl Stone Soup version 0.19-a0-1852-gc11d922 (webtiles) character file.

282 Psiweapon the Slasher (level 6, -6/50 HPs)
             Began as a Minotaur Gladiator on Oct 11, 2016.
             Mangled by a slave (8 damage)
             ... led by Pikel
             ... on level 5 of the Dungeon.
             The game lasted 00:06:06 (1724 turns).

Psiweapon the Slasher (Minotaur Gladiator)          Turns: 1724, Time: 00:06:07

Health: -6/50      AC:  3    Str: 20    XL:     6   Next: 6%
Magic:  5/5        EV: 14    Int:  5    God:
Gold:   70         SH:  0    Dex: 12    Spells: 0 memorised, 5 levels left

rFire  . . .     SeeInvis .     a - +0 long sword
rCold  . . .     Gourm    .     b - +0 leather armour
rNeg   . . .     Faith    .     (no shield)
rPois  .         Spirit   .     c - +0 hat
rElec  .         Dismiss  .     (no cloak)
rCorr  .         Reflect  .     (no gloves)
MR     .....     Harm     .     (no boots)
Stlth  +.........               (no amulet)
                                (no ring)
                                (no ring)

@: no status effects
A: retaliatory headbutt, horns 2
a: no special abilities


You were on level 5 of the Dungeon.
You were hungry.

You visited 1 branch of the dungeon, and saw 6 of its levels.

You collected 70 gold pieces.

Inventory:

Hand Weapons
 a - a +0 long sword (weapon)
 g - the +6 dagger "Widowermaker" {speed, Str+2, unknown}
   (You found it on level 5 of the Dungeon)

   Attacks with this weapon are significantly faster.
   It affects your strength (+2).
 n - a +0 hunting sling
Missiles
 d - 2 throwing nets (quivered)
 j - 20 bolts
 o - 19 sling bullets
Armour
 b - a +0 leather armour (worn)
 c - a +0 hat (worn)
 r - a +0 buckler
Scrolls
 e - 3 scrolls of identify {unknown}
 k - a scroll of remove curse {unknown}
 l - 2 scrolls of amnesia {unknown}
 p - a scroll of magic mapping {unknown}
 t - a scroll of recharging {unknown}
Potions
 h - 4 potions of heal wounds {unknown}
 m - a potion of degeneration {unknown}
 q - a potion of curing
 s - a potion of berserk rage {unknown}
 u - a potion of haste {unknown}
Comestibles
 f - 2 bread rations
 i - a royal jelly
 v - 2 fruits


   Skills:
 - Level 2.4 Fighting
 * Level 7.0 Long Blades
 - Level 2.0 Throwing
 + Level 5.1 Dodging


You had 5 spell levels left.
You didn't know any spells.

Dungeon Overview and Level Annotations

Branches:
Dungeon (6/15)
 Temple: D:4-7

Altars:
Hepliaklqana
Sif Muna

Annotations:
D:5 Pikel


Innate Abilities, Weirdness & Mutations

You reflexively headbutt those who attack you in melee.
You have a pair of horns on your head.


Message History

Pikel hits you but does no damage. The slave closely misses you.
The slave hits you! The slave barely misses you.
You riposte.
You barely miss the slave. You hit Pikel.
Pikel is almost dead.
Pikel hits you with a whip of freezing! Pikel freezes you.
The slave closely misses you. You furiously retaliate!
You headbutt the slave, but do no damage.
The slave closely misses you. The slave barely misses you.
You furiously retaliate!
You headbutt the slave. The slave hits you.
Pikel hits you with a whip of freezing! Pikel freezes you.
* * * LOW HITPOINT WARNING * * *
You barely miss Pikel.
Pikel is almost dead.
The slave hits you.
* * * LOW HITPOINT WARNING * * *
The slave hits you!
* * * LOW HITPOINT WARNING * * *
The slave hits you!
You die...

#..# ##...## #
..... #.....#
..... +....># ....
#.....# #.....#
##...#######
..##...##....##
....(..........#
.........p@p...#
.........pKp...#
..........(....#
#......###..####
#......###.(#
.........#....(.
.........+......
.. ........# ....(
##'#
#......###'#######


You could see Pikel and 4 slaves.

Vanquished Creatures
  An ogre (D:6)
  A crimson imp (D:5)
  A hound (D:5)
  2 orc wizards (D:5)
  A howler monkey zombie (D:6)
  5 adders
  A leopard gecko (D:1)
  2 orcs (D:5)
  4 bats (D:1)
  3 goblins
  3 hobgoblins (D:1)
  4 jackals (D:1)
  A quokka (D:3)
  4 frilled lizards
  3 kobolds
  2 rats
38 creatures vanquished.

Notes
Turn   | Place    | Note
-------+----------+-------------------------------------------
     0 | D:1      | Psiweapon the Minotaur Gladiator began the quest for the Orb.
     0 | D:1      | Reached XP level 1. HP: 18/18 MP: 0/0
    28 | D:1      | Reached skill level 4 in Long Blades
    28 | D:1      | Reached XP level 2. HP: 19/25 MP: 1/1
   516 | D:3      | Reached XP level 3. HP: 26/30 MP: 2/2
   529 | D:2      | Reached skill level 5 in Long Blades
   879 | D:3      | You fall through a shaft for 2 floors!
   879 | D:5      | Entered Level 5 of the Dungeon
   894 | D:5      | Reached XP level 4. HP: 32/37 MP: 3/3
   897 | D:5      | Found a hazy altar of Hepliaklqana.
   985 | D:6      | Noticed an ogre
   991 | D:6      | Killed an ogre
   991 | D:6      | Reached skill level 6 in Long Blades
   991 | D:6      | Reached XP level 5. HP: 42/42 MP: 4/4
  1294 | D:5      | Reached skill level 5 in Dodging
  1330 | D:5      | Found a deep blue altar of Sif Muna.
  1530 | D:5      | Got a dazzling dagger
  1555 | D:5      | Reached skill level 7 in Long Blades
  1555 | D:5      | Reached XP level 6. HP: 42/50 MP: 5/5
  1710 | D:5      | Noticed a slave
  1711 | D:5      | Noticed Pikel
  1714 | D:5      | Noticed a slave
  1717 | D:5      | Noticed a slave
  1717 | D:5      | Noticed a slave
  1724 | D:5      | HP: 2/50 [slave[Pikel] (9)]
  1724 | D:5      | Mangled by a slave

Vault maps used:
D:1:      dpeg_arrival_tiny_c
D:3:      kennysheep_big_flooded_room, cheibriados_altar_wand_db, first_bread,
          minmay_item_behind_shaft
D:4:      minmay_wonky_spiral, minmay_unequal
D:5:      marbit_many_paths, led_sif_book, uniq_pikel
D:6:      minitemple

Skill      XL: |  1  2  3  4  5 |
---------------+----------------+-----
Long Blades    | 4 5 6 7 |  7.0
Dodging        | 4 5 |  5.1
Fighting       | |  2.4
Throwing       | |  2.0

Action                   |  1- 3 |  4- 6 || total
-------------------------+-------+-------++-------
Melee: Long sword        |    57 |    35 ||    92
       Headbutt          |    15 |     6 ||    21
 Fire: Hunting sling     |       |     7 ||     7
Throw: Throwing net      |       |     1 ||     1
  Use: Potion            |     1 |       ||     1
 Stab: Held in net/web   |       |     2 ||     2
  Eat: Chunk             |       |     2 ||     2
Armor: Leather armour    |    19 |     4 ||    23
Dodge: Dodged            |    49 |    23 ||    72
       Rpst.: Long sword |    16 |     8 ||    24
